 Dungeon Crawl Stone Soup version 0.28.0 (webtiles) character file.

Game seed: 6256155761241821828

51 themarg the Caller (level 3, -1/24 HPs)
             Began as a Merfolk Summoner on Feb 15, 2022.
             Slain by an adder (4 damage)
             ... on level 2 of the Dungeon.
             The game lasted 00:06:53 (1880 turns).

themarg the Caller (Merfolk Summoner)               Turns: 1880, Time: 00:06:54

Health: -1/24      AC:  2    Str:  8    XL:     3   Next: 83%
Magic:  3/6        EV: 13    Int: 16    God:
Gold:   15         SH:  0    Dex: 14    Spells: 3/7 levels left

rFire   . . .      SeeInvis .   e - +0 dagger
rCold   . . .      Faith    .   (no shield)
rNeg    . . .      Spirit   .   a - +0 robe
rPois   .          Reflect  .   (no helmet)
rElec   .          Harm     .   (no cloak)
rCorr   .          Rampage  .   (no gloves)
Will    .....                   (no boots)
Stlth   ++........              (no amulet)
HPRegen 0.08/turn               (no ring)
MPRegen 0.10/turn               (no ring)

@: no status effects
A: (nimble swimmer 2), mertail
a: no special abilities


You were on level 2 of the Dungeon.
You visited 1 branch of the dungeon, and saw 2 of its levels.

You collected 15 gold pieces.

Inventory:

Hand Weapons
 e - a +0 dagger (weapon)
Armour
 a - a +0 robe (worn)
Scrolls
 b - 4 scrolls of teleportation {unknown}
 c - a scroll of enchant weapon {unknown}
 d - a scroll of fog {unknown}
 f - a scroll of identify {unknown}
Potions
 g - a potion of brilliance {unknown}
 h - a potion of flight {unknown}


   Skills:
 + Level 3.4 Dodging
 + Level 3.0 Stealth
 + Level 2.5 Spellcasting
 + Level 4.3 Summonings


You had 3 spell levels left.
You knew the following spells:

 Your Spells              Type           Power      Damage    Failure   Level
a - Summon Small Mammal   Summ           64%        N/A       3%          1
b - Call Canine Familiar  Summ           16%        N/A       10%         3

Your spell library contained the following spells:

 Spells                   Type           Power      Damage    Failure   Level
 Call Imp                 Summ           16%        N/A       4%          2
 Summon Guardian Golem    Hex/Summ       9%         N/A       24%         3
 Summon Lightning Spire   Summ/Air       9%         N/A       63%         4


Dungeon Overview and Level Annotations

Branches:
Dungeon (2/15)

Altars:

Annotations:
D:2 Jessica


Innate Abilities, Weirdness & Mutations

((You are very nimble when in or above water. (Stealth+, EV+, Speed+++)))
Your lower body shifts to a powerful aquatic tail in water.


Message History

The ball python bites your hound but does no damage.
The ball python constricts your hound.
Your hound barely misses the ball python.
The ball python bites your hound. The ball python constricts your hound.
Your hound barely misses the ball python.
Your hound closely misses the ball python.
The ball python bites your hound but does no damage.
The ball python constricts your hound. The adder barely misses you.
Your hound barely misses the ball python.
The ball python barely misses your hound.
The ball python constricts your hound.
Your hound closely misses the ball python.
Something bites your hound.
Your hound is constricted.
Your hound struggles to escape constriction.
Casting: Call Canine Familiar (quite dangerous; 10% risk of failure)
Confirm with . or Enter, or press ? or * to list all spells.
Something bites your hound but does no damage.
Your hound is constricted.
Your hound struggles to escape constriction.
The adder misses you. Something bites your hound.
Your hound is constricted.
You closely miss the adder.
The adder is moderately wounded.
Your hound escapes!
The adder bites you. x2
* * * LOW HITPOINT WARNING * * *
You are poisoned.
The adder poisons you!
Your rat bites the adder.
You feel sick.
You feel sick.
You feel sick. The adder closely misses you.
You feel sick.
You are no longer poisoned.
You see here a frilled lizard corpse.
The adder misses you. The adder bites you.
* * * LOW HITPOINT WARNING * * *
Your hound disappears in a puff of smoke!
The adder barely misses you. The adder bites you.
You die...

.....@...#
......S..######
...............
#######S#######
#.#
#############.#
#...rh.S....†@#
##.###############
....†.......Sr.S@#
.##.#..###########
>##.#####
.##.....#
.######.# ## #.#
#.# #.# #######.#


You could see an adder (ally target), a ball python and a friendly rat
(summoned).

Vanquished Creatures
  A ball python (D:1)
  2 endoplasms (D:1)
  A giant cockroach (D:1)
  2 hobgoblins (D:1)
  A frilled lizard (D:2)
  A rat (D:1)
8 creatures vanquished.

Vanquished Creatures (collateral kills)
  An adder (D:2)
  3 dart slugs (D:1)
  2 endoplasms (D:1)
  3 goblins
  3 hobgoblins (D:1)
  2 kobolds (D:2)
  A quokka (D:1)
  2 ball pythons (D:1)
  2 bats (D:1)
  6 frilled lizards (D:1)
  2 rats
27 creatures vanquished.

Grand Total: 35 creatures vanquished

Notes
Turn   | Place    | Note
-------+----------+-------------------------------------------
     0 | D:1      | themarg the Merfolk Summoner began the quest for the Orb.
     0 | D:1      | Reached XP level 1. HP: 13/13 MP: 3/3
   354 | D:1      | Reached XP level 2. HP: 17/19 MP: 1/5
   832 | D:1      | Reached XP level 3. HP: 19/24 MP: 4/6
  1185 | D:1      | Learned a level 3 spell: Call Canine Familiar
  1841 | D:2      | Noticed Jessica
  1880 | D:2      | Slain by an adder

Illustrated notes

Levels and vault maps discovered:
D:1:      roderic_octagonal_star, layout_basic, wad_floor_pattern_untrapped,
          chequers_serial_rivers_micro_d, st_stairs_6
D:2:      layout_basic, serial_shops, nicolae_shop_hallway_plus, uniq_jessica

Skill      XL: |  1  2  3 |
---------------+----------+-----
Dodging        | 3 |  3.4
Stealth        | 3 |  3.0
Spellcasting   | |  2.5
Summonings     | |  4.3

Action                   || total
-------------------------++-------
Melee: Unarmed           ||    22
       Dagger            ||    49
 Cast: Summon Small Mamm ||    44
       Call Canine Famil ||     3
 Stab: Distracted        ||     1
Armor: Robe              ||    10
Dodge: Dodged            ||    65
